[Event "Croatian junior league 2021"]
[Site "Rabac"]
[Date "2021.04.07"]
[Round "4.4"]
[White "Dumancic, Simun"]
[Black "Moric, Ivan"]
[Result "0-1"]
[ECO "B98"]
[WhiteElo "1883"]
[BlackElo "1907"]
[Annotator "NA RC"]
[PlyCount "74"]
[EventDate "2021.04.06"]
[EventType "swiss"]
[EventCountry "CRO"]
[SourceTitle "playchess.com"]
[Source "ChessBase"]
[SourceQuality "1"]
[TimeControl "5400+30"]

1. e4 c5 2. Nf3 d6 3. d4 cxd4 4. Nxd4 Nf6 5. Nc3 a6 6. Bg5 e6 7. f4 Be7 8. Qf3 O-O 9. O-O-O Qc7 10. g4 b5 11. Bxf6 Bxf6 12. Nce2 Bb7 13. g5 Be7 14. Ng3 Nc6 15. Nxc6 Qxc6 16. h4 Rac8 17. Bd3 f5 18. gxf6 Bxf6 19. Qg4 Qe8 20. Rhf1 Kh8 21. h5 e5 22. Nf5 Qe6 23. Kb1 exf4 24. Qxf4 Qe5 25. c3 Qxf4 26. Rxf4 Be5 27. Rg4 Rc7 28. Rf1 Bc8 29. Rgg1 Rcf7 30. Ne3 Be6 31. a4 bxa4 32. Bxa6 a3 33. Rxf7 Bxf7 34. Rf1 Kg8 35. Nd5 Rb8 36. Nb4 axb2 37. Kxb2 Rxb4+ 0-1

[Event "Croatian junior league 2021"]
[Site "Rabac"]
[Date "2021.04.07"]
[Round "4.10"]
[White "Klapac, Patrik"]
[Black "Stjepic, Borna"]
[Result "1-0"]
[ECO "B90"]
[WhiteElo "1780"]
[BlackElo "1825"]
[Annotator "NA RC"]
[PlyCount "67"]
[EventDate "2021.04.06"]
[EventType "swiss"]
[EventCountry "CRO"]
[SourceTitle "playchess.com"]
[Source "ChessBase"]
[SourceQuality "1"]
[TimeControl "5400+30"]

1. e4 c5 2. Nf3 d6 3. d4 cxd4 4. Nxd4 Nf6 5. Nc3 a6 6. f3 e5 7. Nb3 Be7 8. Bd3 Be6 9. Be3 Nbd7 10. Qd2 h5 11. O-O b5 12. Rad1 Rc8 13. h3 Nb6 14. Qf2 Nc4 15. Bc1 h4 16. Nd2 Nh5 17. Nxc4 bxc4 18. Be2 Bg5 19. Bxg5 Qxg5 20. Kh2 Rh6 21. Rxd6 Nf4 22. Rfd1 Rb8 23. Bf1 Qe7 24. Qc5 Rg6 25. Qxe5 Rxb2 26. Rd8+ Qxd8 27. Rxd8+ Kxd8 28. Qxf4 Rxc2 29. Qxh4+ Kd7 30. e5 Rd2 31. Qe1 Rd4 32. Qe3 Rh4 33. Ne4 Bf5 34. Bxc4 1-0

[Event "Croatian junior league 2021"]
[Site "Rabac"]
[Date "2021.04.07"]
[Round "4.11"]
[White "Vukojevic, Toni"]
[Black "Jakovic, Roko"]
[Result "1/2-1/2"]
[ECO "B50"]
[WhiteElo "1538"]
[BlackElo "1846"]
[Annotator "NA RC"]
[PlyCount "146"]
[EventDate "2021.04.06"]
[EventType "swiss"]
[EventCountry "CRO"]
[SourceTitle "playchess.com"]
[Source "ChessBase"]
[SourceQuality "1"]
[TimeControl "5400+30"]

1. e4 c5 2. Nf3 d6 3. c3 Nf6 4. Bd3 Nc6 5. Bc2 Bg4 6. h3 Bh5 7. O-O e5 8. d3 Be7 9. Be3 O-O 10. Nbd2 Rc8 11. Rc1 b5 12. a3 a5 13. Qe2 Qd7 14. Rfd1 Rfe8 15. a4 b4 16. Nc4 Qc7 17. Bb3 Rcd8 18. Ncd2 Qb7 19. g4 Bg6 20. Bg5 h6 21. Bxf6 Bxf6 22. Bd5 Qc7 23. Nf1 bxc3 24. bxc3 Rb8 25. Rb1 Rb6 26. Ne3 Reb8 27. Qc2 Bd8 28. Nc4 Rxb1 29. Rxb1 Ne7 30. Ne3 Rxb1+ 31. Qxb1 Qd7 32. Qb3 Kf8 33. Nd2 Nxd5 34. Nxd5 f6 35. Qb5 Be8 36. Qxd7 Bxd7 37. Nc4 Bxa4 38. Nxd6 Bc2 39. Nb7 a4 40. Nxc5 Be7 41. Ne3 Bxc5 42. Nxc2 a3 43. Kf1 a2 44. Ke2 Ba3 45. d4 Bb2 46. Kd3 exd4 47. cxd4 a1=Q 48. Nxa1 Bxa1 49. f4 Bb2 50. e5 Ke7 51. Ke4 fxe5 52. fxe5 g6 53. Kd5 h5 54. gxh5 gxh5 55. Ke4 h4 56. d5 Bc3 57. Kf5 Bd4 58. d6+ Kd7 59. Ke4 Bc3 60. Kd5 Bd2 61. e6+ Ke8 62. Kc6 Ba5 63. Kd5 Bc3 64. Ke4 Bf6 65. Kf5 Bd8 66. Ke5 Bg5 67. Kf5 Bd8 68. Kg6 Kf8 69. Kh5 Bf6 70. Kg6 Bd8 71. Kf5 Ke8 72. Ke5 Bg5 73. Kd5 Kd8 1/2-1/2

[Event "Croatian junior league 2021"]
[Site "Rabac"]
[Date "2021.04.07"]
[Round "4.15"]
[White "Zekic, Patrik"]
[Black "Hergotic, Mihael"]
[Result "1/2-1/2"]
[ECO "D52"]
[WhiteElo "1731"]
[BlackElo "1476"]
[Annotator "NA RC"]
[PlyCount "98"]
[EventDate "2021.04.06"]
[EventType "swiss"]
[EventCountry "CRO"]
[SourceTitle "playchess.com"]
[Source "ChessBase"]
[SourceQuality "1"]
[TimeControl "5400+30"]

1. d4 d5 2. c4 e6 3. Nc3 Nf6 4. Bg5 c6 5. e3 Nbd7 6. Nf3 Qa5 7. Bxf6 Nxf6 8. Nd2 Be7 9. Bd3 O-O 10. O-O Qc7 11. Rc1 Re8 12. h3 Bf8 13. Qf3 Qd7 14. Qg3 Bd6 15. Qh4 Be7 16. Qg3 Bd6 17. Qf3 b6 18. cxd5 exd5 19. e4 dxe4 20. Ncxe4 Nxe4 21. Bxe4 Bb7 22. Bxc6 Bxc6 23. Qxc6 Qxc6 24. Rxc6 Bf4 25. Nf3 Re2 26. g3 Bh6 27. Rb1 Rae8 28. Kf1 g6 29. Re1 Rxe1+ 30. Nxe1 Rd8 31. Nf3 Bg7 32. Rc4 Re8 33. Rc2 f5 34. Rd2 Kf7 35. Ne1 Ke6 36. Re2+ Kd7 37. Rxe8 Kxe8 38. Nc2 Kd7 39. Ke2 Kd6 40. Kd3 g5 41. g4 fxg4 42. hxg4 Bf6 43. Ke4 Ke6 44. Ne3 Bd8 45. Nf5 a5 46. d5+ Kf6 47. b3 Bc7 48. d6 Bd8 49. Kd5 h5 1/2-1/2

[Event "Croatian junior league 2021"]
[Site "Rabac"]
[Date "2021.04.07"]
[Round "4.16"]
[White "Damjanovic, Stjepan"]
[Black "Bunic, Emanuel"]
[Result "1-0"]
[ECO "C54"]
[WhiteElo "1890"]
[BlackElo "1839"]
[Annotator "NA RC"]
[PlyCount "160"]
[EventDate "2021.04.06"]
[EventType "swiss"]
[EventCountry "CRO"]
[SourceTitle "playchess.com"]
[Source "ChessBase"]
[SourceQuality "1"]
[TimeControl "5400+30"]

1. e4 e5 2. Nf3 Nc6 3. Bc4 Bc5 4. d3 Nf6 5. c3 d6 6. O-O O-O 7. h3 a5 8. Nbd2 h6 9. Re1 Be6 10. Bb3 Bxb3 11. Qxb3 a4 12. Qc2 Re8 13. Nf1 Qd7 14. Be3 Bxe3 15. Nxe3 Nh5 16. Nf5 Nf4 17. Kh2 Ne7 18. Nxe7+ Rxe7 19. Qd2 Kh7 20. Rad1 g5 21. Qe3 Rg8 22. d4 f6 23. dxe5 fxe5 24. Ng1 g4 25. h4 Rf7 26. g3 Qe7 27. Rd2 Rgf8 28. Rf1 Nh5 29. Kg2 Qe6 30. a3 Qg6 31. Qd3 Nf6 32. Re1 Nd7 33. Qc2 Nc5 34. Rde2 Qe6 35. Rf1 Rf6 36. Re3 Nb3 37. Ne2 Rf3 38. Nc1 Rxe3 39. fxe3 Rxf1 40. Kxf1 Nxc1 41. Qxc1 Qc4+ 42. Kf2 Qxe4 43. Qd1 Kg6 44. Qe2 c6 45. Qd1 d5 46. Qe2 Kf6 47. Qd1 Ke6 48. Qe2 Kd6 49. Qd1 Kc5 50. Qe2 h5 51. Qd1 b5 52. Qe2 Qh1 53. Qd3 Qg2+ 54. Ke1 Qxg3+ 55. Kd2 Qg2+ 56. Kc1 Qe4 57. Qf1 Qxe3+ 58. Kb1 Qf4 59. Qg1+ d4 60. cxd4+ exd4 61. Qe1 Kd5 62. Ka1 Qe4 63. Qf1 d3 64. Qf7+ Kd4 65. Qf2+ Kc4 66. Qf7+ Qd5 67. Qf4+ Kb3 68. Qb4+ Kc2 69. Qc3+ Kd1 70. Qf6 d2 71. Qf1+ Kc2 72. Qb1+ Kb3 73. Qd1+ Kc4 74. Qc2+ Kd4 75. Qxd2+ Ke4 76. Qc2+ Kf3 77. Qc3+ Kg2 78. Qe1 g3 79. b4 Qd4+ 80. Ka2 Qf2+ 1-0

[Event "Croatian junior league 2021"]
[Site "Rabac"]
[Date "2021.04.07"]
[Round "4.17"]
[White "Zadro, Matej"]
[Black "Mandaric, Fran"]
[Result "1-0"]
[ECO "B78"]
[WhiteElo "1742"]
[BlackElo "1684"]
[Annotator "NA RC"]
[PlyCount "89"]
[EventDate "2021.04.06"]
[EventType "swiss"]
[EventCountry "CRO"]
[SourceTitle "playchess.com"]
[Source "ChessBase"]
[SourceQuality "1"]
[TimeControl "5400+30"]

1. e4 c5 2. Nf3 Nc6 3. d4 cxd4 4. Nxd4 g6 5. Be3 Bg7 6. Nc3 d6 7. Bc4 Nf6 8. f3 O-O 9. Qd2 Ne5 10. Bb3 Bd7 11. O-O-O a6 12. g4 b5 13. h4 b4 14. Nd5 Nxd5 15. Bxd5 Rb8 16. h5 Nxf3 17. Nxf3 Bxg4 18. hxg6 e6 19. Bh6 Qf6 20. Bxg7 Qxg7 21. Rdg1 exd5 22. Rxg4 fxg6 23. Ng5 d4 24. Ne6 Qd7 25. Nxf8 Qxg4 26. Nxh7 Qf3 27. Qh6 Qe3+ 28. Qxe3 dxe3 29. Nf6+ Kg7 30. Nd5 Re8 31. Rh4 e2 32. Kd2 a5 33. Kxe2 Re5 34. Kd3 g5 35. Rh1 g4 36. Ke3 Kg6 37. Rh8 Kg5 38. Rg8+ Kh4 39. Kf4 Kh3 40. Rh8+ Kg2 41. Ne3+ Kg1 42. Nxg4 Rc5 43. Ne3 a4 44. Rd8 Rh5 45. Rxd6 1-0

[Event "Croatian junior league 2021"]
[Site "Rabac"]
[Date "2021.04.07"]
[Round "4.18"]
[White "Juric, Ester"]
[Black "Horcicka, Jan"]
[Result "0-1"]
[ECO "D13"]
[WhiteElo "1587"]
[BlackElo "1698"]
[Annotator "NA RC"]
[PlyCount "62"]
[EventDate "2021.04.06"]
[EventType "swiss"]
[EventCountry "CRO"]
[SourceTitle "playchess.com"]
[Source "ChessBase"]
[SourceQuality "1"]
[TimeControl "5400+30"]

1. d4 d5 2. Nf3 Nf6 3. c4 c6 4. cxd5 cxd5 5. Nc3 Nc6 6. Bf4 a6 7. e3 Bf5 8. Bd3 Bxd3 9. Qxd3 e6 10. O-O Be7 11. a3 Rc8 12. b4 O-O 13. Rac1 Qb6 14. Na4 Qa7 15. Ne5 a5 16. Nxc6 bxc6 17. Nc5 Ra8 18. b5 cxb5 19. Qxb5 Nh5 20. Bg3 Nxg3 21. hxg3 Rab8 22. Qe2 Rfc8 23. Qa2 Bxc5 24. dxc5 Rxc5 25. Rxc5 Qxc5 26. Rb1 Rxb1+ 27. Qxb1 Qxa3 28. Qb8+ Qf8 29. Qa7 Qd8 30. Qa6 h6 31. Qc6 e5 0-1

[Event "Croatian junior league 2021"]
[Site "Rabac"]
[Date "2021.04.07"]
[Round "4.22"]
[White "Denic, Marin"]
[Black "Purini, Bruno"]
[Result "1/2-1/2"]
[ECO "B15"]
[WhiteElo "1914"]
[BlackElo "1987"]
[Annotator "NA RC"]
[PlyCount "49"]
[EventDate "2021.04.06"]
[EventType "swiss"]
[EventCountry "CRO"]
[SourceTitle "playchess.com"]
[Source "ChessBase"]
[SourceQuality "1"]
[TimeControl "5400+30"]

1. e4 c6 2. d4 d5 3. Nc3 dxe4 4. Nxe4 Nf6 5. Nxf6+ exf6 6. c3 Bf5 7. Bd3 Bxd3 8. Qxd3 Bd6 9. Nf3 O-O 10. O-O Qc7 11. Be3 Nd7 12. Rfd1 Rad8 13. h3 Rfe8 14. Nd2 g6 15. Nc4 Bf4 16. Bxf4 Qxf4 17. Qd2 Qc7 18. Re1 b5 19. Rxe8+ Rxe8 20. Ne3 f5 21. Re1 Nf6 22. f3 Kg7 23. Nxf5+ gxf5 24. Qg5+ Kf8 25. Qh6+ 1/2-1/2

[Event "Croatian junior league 2021"]
[Site "Rabac"]
[Date "2021.04.08"]
[Round "5.3"]
[White "Purini, Bruno"]
[Black "Novosel, Lovro"]
[Result "1-0"]
[ECO "B51"]
[WhiteElo "1987"]
[BlackElo "1997"]
[Annotator "ChessBase"]
[PlyCount "79"]
[EventDate "2021.04.06"]
[EventType "swiss"]
[EventCountry "CRO"]
[SourceTitle "playchess.com"]
[Source "ChessBase"]
[SourceQuality "1"]
[TimeControl "5400+30"]

1. e4 c5 2. Nf3 d6 3. Bb5+ Nd7 4. a4 Ngf6 5. Qe2 e6 6. c3 Be7 7. d4 O-O 8. O-O a6 9. Bd3 Re8 10. Rd1 Qc7 11. Nbd2 g6 12. Nf1 b6 13. Ng3 Bb7 14. h4 Bf8 15. h5 e5 16. d5 Bg7 17. hxg6 hxg6 18. Bg5 Nh7 19. Be3 Ndf6 20. Ng5 Bc8 21. Rf1 Qb7 22. Nxh7 Kxh7 23. f3 Bd7 24. Qd2 b5 25. a5 c4 26. Bc2 Rab8 27. Kf2 b4 28. Rh1+ Kg8 29. Rh2 bxc3 30. bxc3 Bb5 31. Bh6 Qa7+ 32. Ke2 Bh8 33. Rah1 Qd7 34. Nf5 Ba4 35. Bg7 Nh5 36. Rxh5 gxh5 37. Qh6 f6 38. Qxh8+ Kf7 39. Qxh5+ Kg8 40. Qg6 1-0

[Event "Croatian junior league 2021"]
[Site "Rabac"]
[Date "2021.04.08"]
[Round "5.4"]
[White "Moric, Ivan"]
[Black "Duda, Daniel"]
[Result "0-1"]
[ECO "B78"]
[WhiteElo "1907"]
[BlackElo "1968"]
[Annotator "ChessBase"]
[PlyCount "64"]
[EventDate "2021.04.06"]
[EventType "swiss"]
[EventCountry "CRO"]
[SourceTitle "playchess.com"]
[Source "ChessBase"]
[SourceQuality "1"]
[TimeControl "5400+30"]

1. e4 c5 2. Nf3 g6 3. d4 cxd4 4. Nxd4 Nc6 5. Nc3 Bg7 6. Be3 Nf6 7. f3 O-O 8. Bc4 d6 9. Qd2 Bd7 10. O-O-O Rc8 11. Bb3 Nxd4 12. Bxd4 b5 13. h4 a5 14. h5 a4 15. Bxf6 Bxf6 16. hxg6 e6 17. Qxd6 axb3 18. Qh2 h6 19. f4 Bg7 20. gxf7+ Rxf7 21. axb3 Qa5 22. e5 Bc6 23. Qg3 Qa1+ 24. Kd2 Qxb2 25. Rxh6 Rd7+ 26. Ke1 Qxc2 27. Rxe6 Rxd1+ 28. Nxd1 Rd8 29. Rd6 Rxd6 30. exd6 Qxg2 31. Qe3 Qd5 32. Qd2 Qxb3 0-1

[Event "Croatian junior league 2021"]
[Site "Rabac"]
[Date "2021.04.08"]
[Round "5.5"]
[White "Bunic, Emanuel"]
[Black "Cotic, Borna"]
[Result "0-1"]
[ECO "D36"]
[WhiteElo "1839"]
[BlackElo "2120"]
[Annotator "RC"]
[PlyCount "98"]
[EventDate "2021.04.06"]
[EventType "swiss"]
[EventCountry "CRO"]
[SourceTitle "playchess.com"]
[Source "ChessBase"]
[SourceQuality "1"]
[TimeControl "5400+30"]

1. d4 d5 2. c4 e6 3. Nc3 Nf6 4. cxd5 exd5 5. Bg5 Be7 6. e3 Nbd7 7. Bd3 c6 8. Qc2 Nh5 9. Bxe7 Qxe7 10. Nf3 Nf4 11. Bf1 O-O 12. O-O-O Ng6 13. h4 Re8 14. h5 Ngf8 15. Bd3 Nf6 16. Ne5 Ng4 17. Nxg4 Bxg4 18. Rde1 c5 19. f3 Be6 20. g4 Rab8 21. Qg2 b5 22. Bxb5 Rec8 23. Bd3 cxd4 24. exd4 Rxc3+ 25. bxc3 Qa3+ 26. Kd1 Bd7 27. Bc2 Ba4 28. Bxa4 Rb1+ 29. Kd2 Rb2+ 30. Bc2 Rxc2+ 31. Kxc2 Qxa2+ 32. Kd3 Qxg2 33. Ke3 Ne6 34. Ra1 f5 35. Rhb1 f4+ 36. Kd3 Qxf3+ 37. Kd2 Qf2+ 38. Kd1 Qf3+ 39. Kd2 h6 40. Rb8+ Kh7 41. Rxa7 Qxg4 42. Raa8 Qxh5 43. Rh8+ Kg6 44. Ra6 Qh2+ 45. Kd1 Qg1+ 46. Kc2 Qg2+ 47. Kb3 Qe2 48. Ra2 f3 49. Re8 Nxd4+ 0-1

[Event "Croatian junior league 2021"]
[Site "Rabac"]
[Date "2021.04.08"]
[Round "5.6"]
[White "Simunic, Krunoslav"]
[Black "Zadro, Matej"]
[Result "1/2-1/2"]
[ECO "E73"]
[WhiteElo "1999"]
[BlackElo "1742"]
[Annotator "RC"]
[PlyCount "117"]
[EventDate "2021.04.06"]
[EventType "swiss"]
[EventCountry "CRO"]
[SourceTitle "playchess.com"]
[Source "ChessBase"]
[SourceQuality "1"]
[TimeControl "5400+30"]

1. d4 Nf6 2. c4 g6 3. Nc3 Bg7 4. e4 d6 5. Be2 O-O 6. Bg5 a6 7. h3 c5 8. d5 b5 9. cxb5 axb5 10. Bxf6 Bxf6 11. Bxb5 Qa5 12. Nge2 Ba6 13. Bxa6 Nxa6 14. O-O Rfb8 15. Rb1 c4 16. Nd4 Nb4 17. a3 Bxd4 18. Qxd4 Nd3 19. b3 Nf4 20. Kh2 cxb3 21. a4 Rb4 22. Qe3 Nh5 23. Rb2 Nf6 24. Ra1 Nd7 25. f4 Nc5 26. e5 Rab8 27. exd6 exd6 28. f5 Rc4 29. Ne2 Qd8 30. a5 Qf6 31. Rab1 Re4 32. Qf3 Qxf5 33. Qxf5 gxf5 34. Ng3 Reb4 35. Nxf5 Kf8 36. Nxd6 Ke7 37. Nf5+ Kf6 38. Rf2 Ke5 39. Ne7 Kd6 40. Nc6 Kxd5 41. Nxb8 Rxb8 42. Rxf7 Kc4 43. Rc7 Kb4 44. Rxh7 Ka3 45. a6 Nxa6 46. Ra7 Ka2 47. Rf1 Rb6 48. h4 b2 49. h5 b1=Q 50. Rxb1 Kxb1 51. g4 Nc5 52. g5 Ne4 53. g6 Nf6 54. g7 Rb5 55. Ra3 Rxh5+ 56. Rh3 Rg5 57. Rg3 Ng4+ 58. Kh3 Rxg7 59. Rxg4 1/2-1/2

[Event "Croatian junior league 2021"]
[Site "Rabac"]
[Date "2021.04.08"]
[Round "5.7"]
[White "Horcicka, Jan"]
[Black "Denic, Marin"]
[Result "0-1"]
[ECO "C50"]
[WhiteElo "1698"]
[BlackElo "1914"]
[Annotator "NA"]
[PlyCount "54"]
[EventDate "2021.04.06"]
[EventType "swiss"]
[EventCountry "CRO"]
[SourceTitle "playchess.com"]
[Source "ChessBase"]
[SourceQuality "1"]
[TimeControl "5400+30"]

1. e4 e5 2. Nf3 Nc6 3. Bc4 Bc5 4. Nc3 d6 5. d3 Be6 6. Nd5 Nce7 7. c3 c6 8. Nxe7 Qxe7 9. Bxe6 Qxe6 10. O-O Nf6 11. d4 Bb6 12. Qc2 O-O 13. Ng5 Qe7 14. dxe5 $1 Qxe5 $11 15. Kh1 h6 16. f4 Qe7 17. e5 hxg5 18. exf6 Qxf6 19. Rf3 g4 20. Rg3 Qe6 21. Bd2 Bf2 22. f5 Qe2 23. Rd3 Rfe8 24. Rxd6 Rad8 25. Rxd8 Rxd8 26. Rd1 Be3 27. f6 Rxd2 0-1

[Event "Croatian junior league 2021"]
[Site "Rabac"]
[Date "2021.04.08"]
[Round "5.8"]
[White "Cecic-Sule, Dino"]
[Black "Kostic, Lovro"]
[Result "0-1"]
[ECO "A42"]
[WhiteElo "1770"]
[BlackElo "1367"]
[Annotator "NA"]
[PlyCount "134"]
[EventDate "2021.04.06"]
[EventType "swiss"]
[EventCountry "CRO"]
[SourceTitle "playchess.com"]
[Source "ChessBase"]
[SourceQuality "1"]
[TimeControl "5400+30"]

1. d4 g6 2. c4 Bg7 3. Nc3 d6 4. e4 Nd7 5. Nf3 c5 6. Be3 b6 7. Qd2 Bb7 8. d5 h6 9. Be2 Ngf6 10. h3 a6 11. O-O Qc7 12. Nh4 Nf8 13. f4 O-O-O 14. Rab1 e6 15. b4 exd5 16. cxd5 N8d7 17. Na4 Nxe4 18. Qd3 Ng3 19. bxc5 dxc5 20. Rfc1 Nxe2+ 21. Qxe2 Kb8 22. Nxb6 Rhe8 23. Nxd7+ Rxd7 24. Qc2 Rxe3 25. Rxb7+ Kxb7 26. Rb1+ Ka7 27. Nf3 Bd4 28. Nxd4 cxd4 29. Qb2 Rc3 30. Qd2 Qc5 31. Kh2 Qxd5 32. a4 Qa5 33. Qb2 Qc7 34. Qd2 d3 35. Qe3+ Qc5 36. Qe8 Rb7 37. Rd1 Qe7 38. Qh8 Rc2 39. Qd4+ Qc5 40. Qxd3 Rc3 41. Qd8 Qc4 42. Rd4 Qc7 43. Qf6 Rc4 44. Rd6 Rb6 45. Rxb6 Qxb6 46. Qxf7+ Rc7 47. Qf8 h5 48. Qd8 Rb7 49. Qg5 Rf7 50. a5 Qc7 51. Qxg6 Rxf4 52. Kg1 Rc4 53. Qxh5 Qc5+ 54. Qxc5+ Rxc5 55. g4 Rxa5 56. Kg2 Kb7 57. Kg3 Kc7 58. h4 Kd7 59. h5 Rb5 60. h6 Rb8 61. g5 Ke7 62. Kg4 Kf7 63. Kh5 Rb5 64. h7 Kg7 65. h8=Q+ Kxh8 66. Kh6 Kg8 67. g6 Rb6 0-1

[Event "Croatian junior league 2021"]
[Site "Rabac"]
[Date "2021.04.08"]
[Round "5.9"]
[White "Alfirevic, Duje"]
[Black "Kovac, Petar"]
[Result "1/2-1/2"]
[ECO "C07"]
[WhiteElo "1996"]
[BlackElo "2089"]
[Annotator "RC"]
[PlyCount "62"]
[EventDate "2021.04.06"]
[EventType "swiss"]
[EventCountry "CRO"]
[SourceTitle "playchess.com"]
[Source "ChessBase"]
[SourceQuality "1"]
[TimeControl "5400+30"]

1. e4 e6 2. d4 d5 3. Nd2 c5 4. Ngf3 cxd4 5. exd5 Qxd5 6. Bc4 Qd7 7. O-O Nc6 8. Nb3 Nf6 9. Nbxd4 Nxd4 10. Nxd4 a6 11. c3 Qc7 12. Bb3 Bd6 13. h3 O-O 14. Bg5 Ne4 15. Bh4 e5 16. Nf3 Bf5 17. Bc2 Bg6 18. Re1 Nf6 19. Bxf6 gxf6 20. Nh4 Bc5 21. Qg4 Kh8 22. Nf5 Qb6 23. Re2 a5 24. h4 h5 25. Qf3 Qxb2 26. Rae1 Qxa2 27. Ng3 Qe6 28. Bf5 Qc6 29. Be4 Qe6 30. Bf5 Qc6 31. Be4 Qe6 1/2-1/2

[Event "Croatian junior league 2021"]
[Site "Rabac"]
[Date "2021.04.08"]
[Round "5.10"]
[White "Stjepic, Borna"]
[Black "Sagovac, Kristijan"]
[Result "1-0"]
[ECO "B23"]
[WhiteElo "1825"]
[BlackElo "1920"]
[Annotator "ChessBase"]
[PlyCount "111"]
[EventDate "2021.04.06"]
[EventType "swiss"]
[EventCountry "CRO"]
[SourceTitle "playchess.com"]
[Source "ChessBase"]
[SourceQuality "1"]
[TimeControl "5400+30"]

1. e4 c5 2. Nc3 Nc6 3. Bb5 g6 4. Bxc6 dxc6 5. d3 Bg7 6. Nge2 Nf6 7. h3 e5 8. O-O Be6 9. Be3 b6 10. f4 exf4 11. Nxf4 Qd7 12. Qd2 O-O 13. a4 a5 14. Rf2 Ne8 15. Raf1 Bd4 16. Nce2 Ng7 17. Nxe6 Bxe3 18. Qxe3 Qxe6 19. Qg5 f5 20. Ng3 fxe4 21. Rxf8+ Rxf8 22. Rxf8+ Kxf8 23. Nxe4 Ne8 24. Qd8 b5 25. axb5 cxb5 26. Qxa5 Qd7 27. Qb6 Qd4+ 28. Kf1 Qxb2 29. Qxc5+ Kg8 30. Qc6 Kf8 31. Qc3 Qxc3 32. Nxc3 Nc7 33. Kf2 Ke7 34. Ke3 Kd6 35. Ne4+ Kc6 36. c4 bxc4 37. dxc4 Ne6 38. h4 h5 39. Ng5 Ng7 40. Kf4 Kc5 41. Nf3 Kxc4 42. Ne5+ Kd5 43. Nxg6 Ke6 44. Kg5 Kf7 45. Nf4 Kg8 46. Nxh5 Ne6+ 47. Kf6 Nd4 48. Nf4 Nc2 49. g4 Ne3 50. g5 Ng4+ 51. Kf5 Ne3+ 52. Kg6 Nc4 53. h5 Nd6 54. h6 Ne8 55. h7+ Kh8 56. Kh6 1-0

[Event "Croatian junior league 2021"]
[Site "Rabac"]
[Date "2021.04.08"]
[Round "5.11"]
[White "Dumancic, Simun"]
[Black "Vukojevic, Toni"]
[Result "1-0"]
[ECO "C54"]
[WhiteElo "1883"]
[BlackElo "1538"]
[Annotator "NA"]
[PlyCount "85"]
[EventDate "2021.04.06"]
[EventType "swiss"]
[EventCountry "CRO"]
[SourceTitle "playchess.com"]
[Source "ChessBase"]
[SourceQuality "1"]
[TimeControl "5400+30"]

1. e4 e5 2. Nf3 Nc6 3. Bc4 Bc5 4. c3 Nf6 5. d4 exd4 6. cxd4 Bb4+ 7. Nc3 Nxe4 8. O-O Bxc3 9. d5 Ne5 10. Qe2 Nxf3+ (10... O-O $5 11. bxc3 Nxc4 12. Qxe4 Nd6 $15) 11. Qxf3 {[%emt 0:00:40] [#]} O-O $1 12. bxc3 Qh4 13. Bd3 Nf6 $14 ({Black should try} 13... Nc5 $15) 14. d6 Ng4 15. Bf4 c6 16. Rae1 Nf6 17. Bc4 b5 18. Bxb5 Qh5 19. Bd3 Qxf3 20. gxf3 Nd5 21. Bd2 a5 22. Rb1 Ba6 23. Bxa6 Rxa6 24. Rb7 Rd8 25. Rfb1 h6 26. c4 Nf6 27. Rb8 Rxb8 28. Rxb8+ Kh7 29. Bc3 Kg6 30. Rb7 c5 31. Bxf6 Kxf6 32. Rxd7 Ke6 33. Re7+ Kf6 34. Rc7 Rxd6 35. Rxc5 Rd4 36. Rxa5 Rxc4 37. a4 Rc3 38. Kg2 Ra3 39. Ra7 Ke6 40. a5 g6 41. a6 f6 42. Ra8 Ke7 43. a7 1-0

[Event "Croatian junior league 2021"]
[Site "Rabac"]
[Date "2021.04.08"]
[Round "5.12"]
[White "Jakrlin, Mihael"]
[Black "Damjanovic, Stjepan"]
[Result "1-0"]
[ECO "A14"]
[WhiteElo "2106"]
[BlackElo "1890"]
[Annotator "RC"]
[PlyCount "131"]
[EventDate "2021.04.06"]
[EventType "swiss"]
[EventCountry "CRO"]
[SourceTitle "playchess.com"]
[Source "ChessBase"]
[SourceQuality "1"]
[TimeControl "5400+30"]

1. Nf3 d5 2. g3 Nf6 3. Bg2 e6 4. O-O Be7 5. c4 O-O 6. b3 b6 7. Bb2 Nbd7 8. e3 c5 9. Qe2 Ne4 10. d3 Nd6 11. e4 Bb7 12. Nbd2 d4 13. e5 Nf5 14. Bc1 Qc7 15. Ne4 h6 16. h4 a5 17. a4 Bc6 18. Bf4 Qb7 19. Kh2 Bd8 20. Kh3 Bxe4 21. dxe4 Ne7 22. Nh2 Bc7 23. Qh5 Ng6 24. Ng4 Qb8 25. Bxh6 Bxe5 26. Bg5 Ra7 27. f4 Nf6 28. Bxf6 Bxf6 29. e5 Bd8 30. Be4 Qc8 31. Bxg6 fxg6 32. Qxg6 Qc6 33. Ra2 Qe8 34. Qxe8 Rxe8 35. Nf2 Be7 36. h5 Rf8 37. Nd3 Bd8 38. g4 Raf7 39. Raf2 Bc7 40. f5 exf5 41. gxf5 Re8 42. Re2 Ree7 43. Kg4 Kh7 44. e6 Rf6 45. Nf2 Rf8 46. Ne4 Kh6 47. Rf3 Bb8 48. Ng5 Rf6 49. Rg2 Bc7 50. Kh4 Bb8 51. Ne4 Rf8 52. Rg6+ Kh7 53. Ng5+ Kh8 54. h6 Be5 55. Kg4 Bf6 56. Rh3 Kg8 57. hxg7 Rxg7 58. Rxg7+ Kxg7 59. Rh7+ Kg8 60. Rd7 Rd8 61. Ne4 Rf8 62. e7 Bxe7 63. Rxe7 Rd8 64. Kg5 d3 65. Kg6 Kf8 66. Rf7+ 1-0

[Event "Croatian junior league 2021"]
[Site "Rabac"]
[Date "2021.04.08"]
[Round "5.13"]
[White "Mandaric, Fran"]
[Black "Troselj, Ivan"]
[Result "1/2-1/2"]
[ECO "B15"]
[WhiteElo "1684"]
[BlackElo "1962"]
[Annotator "ChessBase"]
[PlyCount "65"]
[EventDate "2021.04.06"]
[EventType "swiss"]
[EventCountry "CRO"]
[SourceTitle "playchess.com"]
[Source "ChessBase"]
[SourceQuality "1"]
[TimeControl "5400+30"]

1. e4 c6 2. d4 d5 3. Nc3 dxe4 4. Nxe4 Nf6 5. Nxf6+ exf6 6. c3 Bd6 7. Bd3 O-O 8. Qc2 Re8+ 9. Ne2 h6 10. Bd2 Bg4 11. f3 Be6 12. c4 Na6 13. O-O Nb4 14. Bxb4 Bxb4 15. a3 Ba5 16. b4 Bb6 17. c5 Bc7 18. Rae1 Qd7 19. Qd2 Rad8 20. Kh1 f5 21. Bb1 Bc4 22. Rf2 Be5 23. Rd1 Bxd4 24. Bxf5 Bxf2 25. Bxd7 Rxe2 26. Qc3 Be6 27. Qd3 Ra2 28. Qb1 Re2 29. Bxe6 Rxd1+ 30. Qxd1 Re1+ 31. Qxe1 Bxe1 32. Bc8 b6 33. Bb7 1/2-1/2

[Event "Croatian junior league 2021"]
[Site "Rabac"]
[Date "2021.04.08"]
[Round "5.14"]
[White "Birkic, Josip"]
[Black "Juric, Ester"]
[Result "1-0"]
[ECO "D37"]
[WhiteElo "1972"]
[BlackElo "1587"]
[Annotator "ChessBase"]
[PlyCount "55"]
[EventDate "2021.04.06"]
[EventType "swiss"]
[EventCountry "CRO"]
[SourceTitle "playchess.com"]
[Source "ChessBase"]
[SourceQuality "1"]
[TimeControl "5400+30"]

1. d4 d5 2. c4 e6 3. Nc3 Be7 4. Nf3 Nf6 5. Bf4 a6 6. e3 O-O 7. Qc2 dxc4 8. Bxc4 c5 9. dxc5 Bxc5 10. Rd1 Qe8 11. O-O Nbd7 12. Ne5 Nxe5 13. Bxe5 Nd7 14. Bg3 b5 15. Bd3 h6 16. Ne4 Be7 17. Nd6 Qd8 18. Be4 Ra7 19. Rc1 Bxd6 20. Bxd6 Re8 21. Rfd1 f5 22. Bf3 Qf6 23. Bc6 Rd8 24. e4 Kh7 25. f4 Qf7 26. e5 Qg8 27. Qf2 Nxe5 28. Qxa7 1-0

[Event "Croatian junior league 2021"]
[Site "Rabac"]
[Date "2021.04.08"]
[Round "5.16"]
[White "Begic, Domagoj"]
[Black "Colev, Ivor"]
[Result "*"]
[ECO "B12"]
[WhiteElo "1706"]
[BlackElo "1847"]
[Annotator "NA"]
[PlyCount "47"]
[EventDate "2021.04.06"]
[EventType "swiss"]
[EventCountry "CRO"]
[SourceTitle "playchess.com"]
[Source "ChessBase"]
[SourceQuality "1"]
[TimeControl "5400+30"]

1. e4 c6 2. d4 d5 3. e5 Bf5 4. Nf3 e6 5. Be2 Ne7 $11 6. Nbd2 h6 7. Nb3 Nd7 8. O-O Qc7 9. c3 g5 10. Bd2 Bg7 11. Ne1 f6 12. Bh5+ Kd8 13. f4 gxf4 14. exf6 Bxf6 15. Bxf4 e5 16. Bg3 Rg8 17. Nd3 Rg5 18. Ndc5 b6 19. Rxf5 bxc5 20. Nxc5 Nxf5 21. Ne6+ Kc8 22. Nxc7 Nxg3 23. Nxa8 Nxh5 24. h4 *